 Dungeon Crawl Stone Soup version 0.29-a0-824-gd827844252 (webtiles) character file.

Game seed: 6369241396846208754

52 gobodom the Covered (level 3, -1/24 HPs)
             Began as a Gargoyle Fighter on July 10, 2022.
             Was a Follower of Sif Muna.
             Slain by Terence
             ... wielding a +0 mace
              (5 damage)
             ... on level 2 of the Dungeon.
             The game lasted 00:02:35 (1128 turns).

gobodom the Covered (Gargoyle Fighter)              Turns: 1128, Time: 00:02:36

Health: -1/24      AC: 10    Str: 21    XL:     3   Next: 85%
Magic:  3/3        EV:  9    Int:  8    God:    Sif Muna [*.....]
Gold:   81         SH:  4    Dex:  9    Spells: 2/2 levels left

rFire   . . .      SeeInvis .   a - +0 war axe
rCold   . . .      Faith    .   c - +0 buckler
rNeg    + . .      Spirit   .   b - +0 scale mail
rPois   ∞          Reflect  .   (no helmet)
rElec   +          Harm     .   (no cloak)
rCorr   .          Rampage  .   (no gloves)
Will    .....                   (no boots)
Stlth   ..........              (no amulet)
HPRegen 0.08/turn               (no ring)
MPRegen 0.08/turn               (no ring)

@: no status effects
A: sickness immunity, AC +3, negative energy resistance 1, electricity
resistance, torment resistance 1, petrification resistance
a: Renounce Religion, Channel Magic


You were on level 2 of the Dungeon.
You worshipped Sif Muna.
Sif Muna was aware of your devotion.
You visited 1 branch of the dungeon, and saw 2 of its levels.

You collected 81 gold pieces.

Inventory:

Hand Weapons
 a - a +0 war axe (weapon)
 i - a +4 short sword
Armour
 b - a +0 scale mail (worn)
 c - a +0 buckler (worn)
Scrolls
 f - a scroll of identify {unknown}
 g - a scroll of immolation {unknown}
 h - a scroll of teleportation {unknown}
 l - 2 scrolls of poison {unknown}
Potions
 d - a potion of might
 e - a potion of degeneration {unknown}
 j - a potion of haste {unknown}
 k - a potion of cancellation {unknown}


   Skills:
 + Level 3.6 Fighting
 + Level 2.6 Axes
 + Level 3.9 Armour
 + Level 3.6 Shields


You had 2 spell levels left.
You didn't know any spells.
Your spell library contained the following spells:

 Spells                   Type           Power      Damage    Failure   Level
 Magic Dart               Conj           0%         1d3       83%         1
 Call Imp                 Summ           0%         N/A       93%         2
 Mephitic Cloud           Conj/Pois/Air  0%         N/A       99%         3


Dungeon Overview and Level Annotations

Branches:
Dungeon (2/15)

Altars:
Sif Muna

Annotations:
D:2 Terence


Innate Abilities, Weirdness & Mutations

You are immune to sickness and miasma.
Your stone body is resilient. (AC +3)
You are immune to poison.
You resist negative energy. (rN+)
You are resistant to electric shocks. (rElec)
You are resistant to unholy torment.
You are immune to petrification.


Message History

The frilled lizard bites you but does no damage.
The adder bites you. The frilled lizard bites you.
You completely miss the adder.
The adder is moderately wounded.
You miss the frilled lizard. You block the adder's attack.
The adder bites you but does no damage. The frilled lizard closely misses you.
You closely miss the adder.
The adder is moderately wounded.
You hit the frilled lizard but do no damage.
You block the adder's attack.
The frilled lizard bites you but does no damage.
The adder bites you but does no damage.
You slash the adder!
You kill the adder!
Sif Muna accepts your kill.
You closely miss the frilled lizard. The frilled lizard barely misses you.
The frilled lizard completely misses you.
The frilled lizard bites you.
You miss the frilled lizard. You hit the frilled lizard.
You kill the frilled lizard!
Sif Muna accepts your kill. The frilled lizard barely misses you.
You hit the frilled lizard.
You kill the frilled lizard!
Sif Muna accepts your kill. Terence closely misses you.
You slash Terence!
Terence is heavily wounded.
Terence hits you with a +0 mace.
You hit Terence but do no damage.
Terence is heavily wounded.
Terence hits you with a +0 mace!
You closely miss Terence.
Terence is heavily wounded.
You block Terence's attack. Terence hits you with a +0 mace.
* * * LOW HITPOINT WARNING * * *
You hit Terence but do no damage.
Terence is heavily wounded.
Terence hits you with a +0 mace.
You die...

.... ... ... .. #.#### .g..#
#.####@#.# #>...†@#.#
################.#.#####
........................
################...#.#######
######...#.# #...#
#......#.#.###.#.#
#.######.......#.#
#..<......# #...#######


You could see Terence and a goblin.

Vanquished Creatures
  2 adders (D:2)
  A dart slug (D:1)
  2 ball pythons (D:1)
  5 bats
  4 endoplasms
  3 goblins (D:1)
  4 hobgoblins
  A jackal (D:1)
  3 frilled lizards
  4 kobolds (D:1)
  2 rats (D:1)
31 creatures vanquished.

Notes
Turn   | Place    | Note
-------+----------+-------------------------------------------
     0 | D:1      | gobodom the Gargoyle Fighter began the quest for the Orb.
     0 | D:1      | Reached XP level 1. HP: 14/14 MP: 1/1
     6 | D:1      | Noticed a komodo dragon
     6 | D:1      | Noticed a polar bear
     7 | D:1      | Noticed a salamander
     7 | D:1      | Noticed a wyvern
   205 | D:1      | Reached XP level 2. HP: 19/19 MP: 2/2
   548 | D:1      | Reached XP level 3. HP: 24/24 MP: 3/3
   905 | D:2      | Found a faded altar of an unknown god.
   915 | D:2      | Prayed at the altar of an unknown god.
   915 | D:2      | Became a worshipper of Sif Muna the Loreminder
   915 | D:2      | Reached * piety under Sif Muna
  1114 | D:2      | Noticed Terence
  1128 | D:2      | Slain by Terence

Illustrated notes

Levels and vault maps discovered:
D:1:      onia_arrival_zoo_common, layout_loops_ring, minmay_cut_off
D:2:      layout_basic, dreamdust_ecumenical_altar_angels_and_demons,
          uniq_natasha, uniq_terence

Skill      XL: |  1  2 |
---------------+-------+-----
Axes           | 2 |  2.6
Fighting       | |  3.6
Armour         | |  3.9
Shields        | |  3.6

Action                   || total
-------------------------++-------
Melee: War axe           ||    87
Armor: Scale mail        ||    71
Dodge: Dodged            ||    64
Block: Buckler           ||    26

Table legend: (Time is in decaauts)
 A = Elapsed time spent in this place.
 B = Non-inter-level travel time spent in this place.
 C = Inter-level travel time spent in this place.
 D = Time resting spent in this place.
 E = Time spent auto-exploring this place.
 F = Levels seen in this place.
 G = Mean time per level.
                   A        B        C        D        E       F      G
               +--------+--------+--------+--------+--------+-----+--------+
         Total |   1164 |   1121 |     43 |      0 |    836 |   2 |  582.0 |
       Dungeon |   1164 |   1121 |     43 |      0 |    836 |   2 |  582.0 |
               +--------+--------+--------+--------+--------+-----+--------+

Top non-repeatable levels by time:
     D:1: 894 daAuts
     D:2: 270 daAuts
